 Dungeon Crawl Stone Soup version 0.21-a0-39-g28ea6b7 (webtiles) character file.

1857 TheGoonsmith the Cleaver (level 9, 0/82 HPs)
             Began as a Hill Orc Gladiator on May 31, 2017.
             Was a Follower of Uskayaw.
             Succumbed to a killer bee's poison
             ... on level 6 of the Dungeon.
             The game lasted 00:11:30 (5355 turns).

TheGoonsmith the Cleaver (Hill Orc Gladiator)       Turns: 5355, Time: 00:11:31

Health: 0/82       AC: 22    Str: 20    XL:     9   Next: 13%
Magic:  1/9        EV: 12    Int:  8    God:    Uskayaw [*.....]
Gold:   338        SH:  0    Dex: 17    Spells: 8/8 levels left

rFire    . . .     SeeInvis .   s - -1 war axe (curse)
rCold    + . .     Gourm    .   (no shield)
rNeg     . . .     Faith    .   l - +2 chain mail {rC+}
rPois    .         Spirit   +   c - +1 helmet
rElec    .         Reflect  .   q - +2 cloak
rCorr    .         Harm     .   m - +0 pair of gloves
MR       .....     Rnd*Tele +   (no boots)
Stlth    ..........             n - amulet of guardian spirit
Regen    0.3/turn               C - ring of teleportation (curse)
MPRegen  0.2/turn               y - +6 ring of protection

@: agile, lethally poisoned (0 -> -2), hasted, extremely drained, very quick
A: no striking features
a: Stomp, Renounce Religion


You were on level 6 of the Dungeon.
You worshipped Uskayaw.
Uskayaw was noncommittal.
You were hungry.

You visited 1 branch of the dungeon, and saw 6 of its levels.

You collected 338 gold pieces.

Inventory:

Hand Weapons
 a - a +1 war axe
 s - a cursed -1 war axe (weapon)
Missiles
 d - 2 throwing nets (quivered)
Armour
 b - a +0 leather armour
 c - a +1 helmet (worn)
 l - a +2 chain mail of cold resistance (worn)
 m - a +0 pair of gloves (worn)
 q - a +2 cloak (worn)
 r - a +0 chain mail
Jewellery
 n - an amulet of guardian spirit (around neck)
 w - an uncursed ring of ice
 y - a +6 ring of protection (right hand)
 B - an uncursed ring of see invisible
 C - a cursed ring of teleportation (left hand)
Scrolls
 k - 2 scrolls of recharging
 o - a scroll of fog
 t - a scroll of enchant weapon
Potions
 i - 2 potions of mutation
 x - a potion of flight
Comestibles
 f - 4 bread rations
 g - 2 royal jellies
 j - 6 fruits
 p - 4 meat rations


   Skills:
 + Level 8.4(0.0) Fighting
 * Level 12.5(2.2) Axes
 - Level 1.7(0.0) Throwing
 - Level 2.4(0.0) Dodging


You had 8 spell levels left.
You didn't know any spells.

Dungeon Overview and Level Annotations

Branches:
Dungeon (6/15)             Temple (0/1) D:5

Altars:
Cheibriados
Elyvilon
Qazlal
Sif Muna
Uskayaw
Yredelemnul

Annotations:
D:4 1 exclusion


Message History

The killer bee closely misses you.
You closely miss the killer bee.
You feel sick. The killer bee stings you!
* * * LOW HITPOINT WARNING * * *
The killer bee misses you.
You closely miss the killer bee. The killer bee misses you.
Your chain mail prevents you from hitting the killer bee.
You feel sick. The killer bee stings you!
* * * LOW HITPOINT WARNING * * *
The killer bee closely misses you.
You miss the killer bee.
The killer bee stings you but does no damage.
Okay, then.
The killer bee stings you but does no damage.
* * * LOW HITPOINT WARNING * * *
You feel sick.
Okay, then.
* * * LOW HITPOINT WARNING * * *
You feel sick. The killer bee barely misses you.
You die...

##.#.##
###.## #.#
#.# ###
#.# #..
#|# #.#
#.# #.#
#.##
#@####
#...
#.##..
.#####..#
#y##.#
.........
#y##.#
####.....
#y##.###.#
##...#
#........#
##..#
####y#####
#..# #.#
#..# #y#
#...


You could see 3 killer bees.

Vanquished Creatures
  The ghost of Spazmo the Magician, a novice DEFE of Sif Muna (D:5)
  Edmund (D:6)
  An orc warrior (D:6)
  An ice beast (D:5)
  A phantom (D:5)
  3 ogres
  A centaur (D:6)
  4 scorpions
  A killer bee (D:6)
  2 wights
  3 orc priests
  A bullfrog skeleton (D:5)
  4 orc wizards
  2 worker ants (D:4)
  A worker ant zombie (D:5)
  8 adders
  4 oozes
  An adder skeleton (D:5)
  A worm (D:4)
  A dart slug (D:2)
  3 leopard geckos
  26 orcs
  3 giant cockroaches
  4 hobgoblins
  5 quokkas
  2 ball pythons
  9 bats
  3 frilled lizards
  6 goblins
  A jackal skeleton (D:5)
  8 kobolds
  2 quokka skeletons
  7 rats
121 creatures vanquished.

Notes
Turn   | Place    | Note
-------+----------+-------------------------------------------
     0 | D:1      | TheGoonsmith the Hill Orc Gladiator began the quest for the Orb.
     0 | D:1      | Reached XP level 1. HP: 18/18 MP: 1/1
   189 | D:1      | Reached XP level 2. HP: 25/25 MP: 2/2
   609 | D:2      | Reached skill level 5 in Axes
   736 | D:2      | Reached XP level 3. HP: 27/30 MP: 3/3
   860 | D:2      | Found a basalt altar of Yredelemnul.
   891 | D:2      | Found a stormy altar of Qazlal.
  1645 | D:3      | Reached XP level 4. HP: 26/38 MP: 4/4
  1938 | D:3      | Reached skill level 6 in Axes
  2274 | D:3      | Reached XP level 5. HP: 46/46 MP: 5/5
  2402 | D:4      | Noticed an ogre
  2410 | D:4      | Killed an ogre
  2410 | D:4      | Reached skill level 7 in Axes
  2410 | D:4      | Reached XP level 6. HP: 47/53 MP: 6/6
  2469 | D:4      | Reached skill level 5 in Fighting
  2786 | D:4      | Reached skill level 8 in Axes
  2834 | D:4      | Found a snail-covered altar of Cheibriados.
  3095 | D:4      | Reached XP level 7. HP: 32/61 MP: 7/7
  3489 | D:4      | Found a deep blue altar of Sif Muna.
  3585 | D:5      | Entered Level 5 of the Dungeon
  3593 | D:5      | Noticed Spazmo's ghost (novice DEFE)
  3755 | D:5      | Reached skill level 9 in Axes
  3828 | D:5      | Noticed a hand axe
  3828 | D:5      | Noticed a hand axe
  3831 | D:5      | Found a hide-covered altar of Uskayaw.
  3867 | D:5      | Became a worshipper of Uskayaw the Reveler
  4085 | D:5      | Reached * piety under Uskayaw
  4088 | D:5      | Reached ** piety under Uskayaw
  4089 | D:5      | Killed Spazmo's ghost
  4089 | D:5      | Reached skill level 10 in Axes
  4089 | D:5      | Reached XP level 8. HP: 68/73 MP: 8/8
  4157 | D:5      | Found a white marble altar of Elyvilon.
  4296 | D:5      | Found a staircase to the Ecumenical Temple.
  4310 | D:5      | Reached skill level 11 in Axes
  4478 | D:6      | Reached *** piety under Uskayaw
  4484 | D:6      | Reached **** piety under Uskayaw
  4492 | D:6      | Reached ***** piety under Uskayaw
  4738 | D:6      | Reached skill level 12 in Axes
  4787 | D:6      | Noticed Edmund
  4823 | D:6      | Killed Edmund
  4823 | D:6      | Reached XP level 9. HP: 10/81 MP: 0/9
  5346 | D:6      | HP: 2/82 [killer bee (4)]
  5352 | D:6      | HP: 1/82 [poisoned by a killer bee]
  5355 | D:6      | Succumbed to a killer bee's poison

Vault maps used:
D:1:      dpeg_arrival_chase
D:2:      old_standard_altar, lemuel_doored_altar,
          nicolae_overflow_hidden_temple, first_bread
D:3:      minmay_crystal_room, minmay_joined_circles
D:4:      tgw_sif, lemuel_coloured_pillars_altar, serial_forest,
          infiniplex_forest_clump_medium, infiniplex_forest_lined_room_2,
          infiniplex_forest_straight_3, infiniplex_forest_lined_1,
          infiniplex_forest_clump_tiny, infiniplex_forest_straight_4
D:5:      dancing_weapons_uskayaw, lemuel_round_altar,
          minmay_temple_entry_water_ring
D:6:      uniq_edmund

Skill      XL: |  1  2  3  4  5  6  7  8 |
---------------+-------------------------+-----
Axes           | 5 6 7 8 10 12 | 12.5
Fighting       | 3 4 5 7 8 |  8.4
Throwing       | |  1.7
Dodging        | |  2.4

Action                   |  1- 3 |  4- 6 |  7- 9 || total
-------------------------+-------+-------+-------++-------
Melee: War axe           |   105 |   143 |   253 ||   501
Throw: Throwing net      |       |     1 |       ||     1
  Use: Scroll            |       |       |    13 ||    13
       Potion            |       |       |    11 ||    11
 Stab: Held in net/web   |       |     1 |       ||     1
       Paralysed         |       |       |     1 ||     1
  Eat: Chunk             |     2 |     5 |     7 ||    14
Armor: Leather armour    |    36 |       |       ||    36
       Chain mail        |    14 |    75 |   211 ||   300
Dodge: Dodged            |    76 |    42 |   125 ||   243
